 Dungeon Crawl Stone Soup version 0.31-a0-774-g0d66cbabe8 (webtiles) character file.

Game seed: 4669120681779456829

239 pokeman the Magician (level 5, -7/29 HPs)
             Began as a Deep Elf Hedge Wizard on Sept 17, 2023.
             Mangled by Edmund
             ... wielding a +5 heavy flail
              (18 damage)
             ... on level 4 of the Dungeon.
             The game lasted 00:04:29 (3015 turns).

pokeman the Magician (Deep Elf Hedge Wizard)        Turns: 3015, Time: 00:04:29

Health: -7/29      AC:  2    Str:  7    XL:     5   Next: 79%
Magic:  12/16      EV: 13    Int: 21    God:
Gold:   202        SH:  0    Dex: 14    Spells: 5/17 levels left

rFire   . . .        j - +2 short sword (venom)
rCold   . . .        (no shield)
rNeg    . . .        n - +0 robe {Will+}
rPois   .            c - +0 hat
rElec   .            (no cloak)
rCorr   .            (no gloves)
SInv    .            (no boots)
Will    +....        (no amulet)
Stlth   ++           (no ring)
HPRegen 0.24/turn    (no ring)
MPRegen 0.15/turn

%: no passive effects
@: no status effects
A: no striking features
a: no special abilities


You were on level 4 of the Dungeon.
You visited 1 branch of the dungeon, and saw 4 of its levels.

You collected 202 gold pieces.

Inventory:

Hand Weapons
 j - a +2 short sword of venom (weapon)
Armour
 c - a +0 hat (worn)
 n - a +0 robe of willpower (worn)
Scrolls
 a - a scroll of revelation {unknown}
 f - 2 scrolls of poison {unknown}
 i - 4 scrolls of teleportation {unknown}
 k - 3 scrolls of identify {unknown}
 m - a scroll of vulnerability {unknown}
 o - 2 scrolls of enchant armour {unknown}
Potions
 b - a potion of resistance {unknown}
 d - 2 potions of magic
 e - a potion of degeneration {unknown}
 g - 4 potions of curing {unknown}
 h - a potion of attraction {unknown}
 l - 2 potions of mutation {unknown}
 p - 2 potions of heal wounds {unknown}
 q - a potion of berserk rage {unknown}


   Skills:
 - Level 1.0 Fighting
 - Level 1.0 Armour
 - Level 3.1 Dodging
 - Level 3.2 Stealth
 * Level 6.5 Spellcasting
 + Level 2.8 Conjurations
 - Level 1.1 Summonings
 - Level 1.1 Translocations
 + Level 0.7 Fire Magic
 + Level 0.5 Air Magic
 + Level 0.6 Poison Magic


You had 5 spell levels left.
You knew the following spells:

 Your Spells              Type           Power      Damage    Failure   Level
a - Magic Dart            Conj           72%        1d6       2%          1
b - Mephitic Cloud        Conj/Pois/Air  12%        N/A       16%         3
c - Call Imp              Summ           22%        N/A       9%          2
d - Blink                 Tloc           22%        N/A       9%          2
e - Flame Wave            Conj/Fire      14%        2d6       41%         4

Your spell library contained the following spells:

 Spells                   Type           Power      Damage    Failure   Level
 Kiss of Death            Conj/Necr      48%        2d9       5%          1
 Slow                     Hex            24%        N/A       10%         1
 Cigotuvi's Dreadful Rot  Necr/Pois/Air  16%        N/A       12%         2
 Hailstorm                Conj/Ice       12%        3d5       16%         3
 Inner Flame              Hex/Fire       8%         N/A       24%         3
 Sticky Flame             Conj/Fire      14%        2d4       41%         4
 Summon Ice Beast         Ice/Summ       9%         N/A       58%         4
 Simulacrum               Ice/Necr       3%         N/A       100%        6


Dungeon Overview and Level Annotations

Branches:
Dungeon (4/15)
 Temple: D:4-7

Altars:
Dithmenos
Xom

Shops:
D:4 :

Annotations:
D:3 1 runed translucent door, cforsyth's ghost, amateur DjCK
D:4 Edmund; Ijyb


Message History

You hear a shout!
Edmund is engulfed in noxious fumes.
Edmund appears confused.
You feel less confused.
Edmund is engulfed in noxious fumes.
Edmund appears confused.
A hobgoblin comes into view.
You see here Ozocubu's Autobiography.
There are no items here.
Casting: Mephitic Cloud (quite dangerous; 16% risk of failure)
Confirm with . or Enter, or press ? or * to list all spells.
Aiming: Magic Dart (safe; 2% risk of failure)
Press: ? - help, Shift-Dir - straight line, f/p - Edmund
Aim: Edmund, wielding a +5 heavy flail and wearing a +0 ring mail (confused, 100% to hit)
The magic dart hits the hobgoblin.
The hobgoblin is heavily wounded.
Ijyb the Twisted Goblin comes into view.
She is wielding a +0 dagger, wearing a +2 leather armour of poison resistance and carrying a wand of flame.
Casting: Magic Dart (safe; 2% risk of failure)
Confirm with . or Enter, or press ? or * to list all spells.
Aiming: Magic Dart (safe; 2% risk of failure)
Press: ? - help, Shift-Dir - straight line, f/p - Edmund
Aim: Edmund, wielding a +5 heavy flail and wearing a +0 ring mail (confused, 100% to hit)
The magic dart hits the hobgoblin.
The hobgoblin is severely wounded.
Ijyb shouts!
Casting: Magic Dart (safe; 2% risk of failure)
Confirm with . or Enter, or press ? or * to list all spells.
Aiming: Magic Dart (safe; 2% risk of failure)
Press: ? - help, Shift-Dir - straight line, f - hobgoblin
Aim: a hobgoblin (severely wounded, 100% to hit)
The magic dart hits the hobgoblin.
You kill the hobgoblin!
Unknown command.
Casting: Magic Dart (safe; 2% risk of failure)
Confirm with . or Enter, or press ? or * to list all spells.
You can't see any susceptible monsters within range! (Use Z to cast anyway.) Ijyb is nearby!
Ijyb zaps a wand.
The puff of flame hits you!
There is a stone staircase leading up, spattered with blood here.
Edmund hits you with a +5 heavy flail!!
Ouch! That really hurt!
You die...

....#.......#..>.
#....#..#....#...#
..........##.#... ..
#.........##.#..#######.
#.........##.#..#.......
#......##.##.#..#.#.....
#............#....#.....
##.....@..........#.....
.......@..........#.....
....)...................
#....#.##........#.......
#... #†##.....#+#........
##...#........#.....#.⌠.⌠
........:g....#.....#....
##............>........∩.
#.........##.#....##....
#.........##.#.......⌠.⌠


You could see Edmund (confused) and Ijyb.

Vanquished Creatures
  A scorpion (D:4)
  2 hounds
  Jessica (D:2)
  Terence (D:2)
  2 adders (D:2)
  A worm (D:3)
  2 dart slugs (D:2)
  An orc (D:3)
  7 ball pythons
  3 endoplasms
  3 hobgoblins
  3 jackals
  5 kobolds
  2 quokkas
  3 bats
  2 frilled lizards (D:1)
  3 goblins
  4 rats
46 creatures vanquished.

Notes
Turn   | Place    | Note
-------+----------+-------------------------------------------
     0 | D:1      | pokeman the Deep Elf Hedge Wizard began the quest for the
                  | Orb.
     0 | D:1      | Reached XP level 1. HP: 10/10 MP: 7/7
    10 | D:1      | Found a faded altar of an unknown god.
    40 | D:1      | Got vibrant book
   342 | D:1      | Reached XP level 2. HP: 16/16 MP: 6/9
   949 | D:2      | Noticed Terence
  1133 | D:2      | Reached skill level 5 in Spellcasting
  1241 | D:2      | Found a shimmering altar of Xom.
  1249 | D:2      | Reached XP level 3. HP: 20/20 MP: 9/11
  1253 | D:2      | Learned a level 3 spell: Mephitic Cloud
  1256 | D:2      | Learned a level 2 spell: Call Imp
  1259 | D:2      | Learned a level 2 spell: Blink
  1297 | D:2      | Noticed Jessica
  1307 | D:2      | Killed Jessica
  1308 | D:2      | Reached skill level 1 in Fighting
  1308 | D:2      | Reached skill level 1 in Armour
  1383 | D:2      | Reached XP level 4. HP: 25/25 MP: 5/13
  1579 | D:2      | Killed Terence
  2333 | D:3      | Learned a level 4 spell: Flame Wave
  2498 | D:3      | Found a shadowy altar of Dithmenos.
  2535 | D:3      | Found a runed translucent door.
  2535 | D:3      | Noticed cforsyth's ghost (amateur DjCK)
  2851 | D:4      | Found Girrec's Vocational Training.
  2873 | D:4      | Noticed a scorpion
  2879 | D:4      | Killed a scorpion
  2880 | D:4      | Reached skill level 6 in Spellcasting
  2880 | D:4      | Reached XP level 5. HP: 24/29 MP: 7/15
  2881 | D:4      | Noticed Edmund
  3007 | D:4      | Noticed Ijyb
  3015 | D:4      | Mangled by Edmund

Illustrated notes

Levels and vault maps discovered:
D:1:      enne_arrival_octagon_isle, layout_basic,
          shapermc_ecumenical_altar_rom_forum, st_stairs_13
D:2:      layout_basic, basic_altar, uniq_jessica, uniq_terence
D:3:      layout_loops_ring, grunt_dithmenos_smoke_and_mirrors,
          hellmonk_ghost_happy_afterlife, corexii_corridor_pit,
          minmay_fountain_box, serial_park_tiny_2, dreamdust_wishing_well,
          minmay_cupped
D:4:      layout_basic, makhleb_heckhound_becter, amcnicky_altar_gilded,
          nicolae_wu_jian_immortal_techniques, minmay_temple_entry_large_hall,
          serial_shops, shop, nicolae_shop_vocational, uniq_ijyb, uniq_edmund

Skill      XL: |  1  2  3  4 |
---------------+-------------+-----
Spellcasting   | 5 6 |  6.5
Fighting       | 1 |  1.0
Armour         | 1 |  1.0
Conjurations   | 2 |  2.8
Dodging        | 3 |  3.1
Stealth        | 3 |  3.2
Summonings     | |  1.1
Translocations | |  1.1
Fire Magic     | |  0.7
Air Magic      | |  0.5
Poison Magic   | |  0.6

Action                     |  1- 3 |  4- 6 || total
---------------------------+-------+-------++-------
  Melee: Short sword       |     5 |    19 ||    24
   Cast: Magic Dart        |    69 |    33 ||   102
         Mephitic Cloud    |       |     6 ||     6
         Call Imp          |       |     1 ||     1
   Stab: Confused          |       |     3 ||     3
 Armour: Robe              |    10 |    14 ||    24
  Dodge: Dodged            |     7 |    12 ||    19

Table legend: (Time is in decaauts)
 A = Elapsed time spent in this place.
 B = Non-inter-level travel time spent in this place.
 C = Inter-level travel time spent in this place.
 D = Time resting spent in this place.
 E = Time spent auto-exploring this place.
 F = Levels seen in this place.
 G = Mean time per level.
                   A        B        C        D        E       F      G
               +--------+--------+--------+--------+--------+-----+--------+
         Total |   3014 |   2883 |    131 |    181 |   2375 |   4 |  753.5 |
       Dungeon |   3014 |   2883 |    131 |    181 |   2375 |   4 |  753.5 |
               +--------+--------+--------+--------+--------+-----+--------+

Top non-repeatable levels by time:
     D:1: 1090 daAuts
     D:2: 1021 daAuts
     D:3: 810 daAuts
     D:4: 93 daAuts
